[Event "*** Titled Tuesday Blitz"]
[Site "Chess.com"]
[Date "2018.07.03"]
[Round "2"]
[White "grandmastergauri"]
[Black "SergeiAza"]
[Result "0-1"]
[WhiteElo "2490"]
[BlackElo "2686"]
[TimeControl "180+2"]
[EndTime "13:23:19 PDT"]
[Termination "SergeiAza won by resignation"]

1. Nf3 Nf6 2. g3 b5 3. Bg2 Bb7 4. d4 e6 5. O-O c5 6. c3 Nc6 7.
Bg5 d5 8. a4 b4 9. a5 Rb8 10.
cxb4 cxb4 11. Qa4 Qd7 12. Bf4 Bd6 13. Ne5 Bxe5 14. dxe5 Nh5 15. Nd2 Nxf4 16. gxf4 O-O 17. Nb3 Qe7 18. Rac1 Rbc8 19. a6 Ba8 20. Rc5 f6 21.
exf6 Rxf6 22. e3 Rg6 23. Kh1 Qh4 24. Nd4 Rf8 25. Rxc6 Bxc6 26. Qxc6 Kh8 27. Qb5 h6 28. Qxb4 Rff6 29. Qb8+ Kh7 30. Qxa7 Rxg2 31. Kxg2 Qg4+ 32. Kh1 Rg6 0-1

[Event "*** Titled Tuesday Blitz"]
[Site "Chess.com"]
[Date "2018.07.03"]
[Round "2"]
[White "GM_Huschenbeth"]
[Black "bugsbunny444"]
[Result "1-0"]
[WhiteElo "2447"]
[BlackElo "2380"]
[TimeControl "180+2"]
[EndTime "13:23:19 PDT"]
[Termination "GM_Huschenbeth won by resignation"]

1. e4 c5 2. Nf3 e6 3. d4 cxd4 4. Nxd4 a6 5. Bd3 Nf6 6. O-O Qc7 7. Qe2 d6 8. c4 Nbd7 9. Nc3 b6 10. f4 Bb7 11. f5 e5 12. Nc2 Be7 13. Ne3 Nc5 14. Ned5 Bxd5 15. exd5 Nxd3 16. Qxd3 Rc8 17. b3 b5 18. Qg3 bxc4 19. b4 Qb6+ 20. Kh1 Qd4 21. Bb2 O-O 22. Rad1 Qb6 23. a3 a5 24. b5 a4 25. Bc1 Kh8 26. Bg5 Rc5 27. Qh4 Rxb5 28. Rf3 Rb3 29. Rh3 Rxc3 30. Rxc3 Rc8 31. Rh3 Kg8 32. Bxf6 Bxf6 33. Qxh7+ Kf8 34. Qh8+ Ke7 35. Qxc8 1-0

[Event "*** Titled Tuesday Blitz"]
[Site "Chess.com"]
[Date "2018.07.03"]
[Round "2"]
[White "abubakrtagelsir"]
[Black "Rock700chess"]
[Result "1/2-1/2"]
[WhiteElo "2456"]
[BlackElo "2465"]
[TimeControl "180+2"]
[EndTime "13:23:20 PDT"]
[Termination "Game drawn by agreement"]

1. e4 e5 2. Nf3 Nc6 3. d4 exd4 4. Nxd4 Nf6 5. Nxc6 bxc6 6. e5 Qe7 7. Qe2 Nd5 8. c4 Ba6 9. b3 g6 10. f4 Qb4+ 11.
Bd2 Nxf4 12. Qf3 Qe7 13. Bxf4 Bg7 14. Bd3 f6 15. O-O fxe5 16. Bg5 e4 17. Bxe4 Bd4+ 18.
Kh1 Qxg5 19. Bxc6 O-O-O 20. Bb5 Bb7 21. Ba6 c6 22. Bxb7+ Kxb7 23. Nc3 Rde8 24. Qd3 Qe5 25. Rac1 Rhf8 26. Na4 Rxf1+ 27. Rxf1 Qe3 28. Qd1 c5 29.
Qg4 Qe2 30. Qxd7+ Kb8 31. Qd6+ Kc8 32. Qc6+ Kb8 33. Qd6+ Kc8 34. Qc6+ Kb8 1/2-1/2

[Event "*** Titled Tuesday Blitz"]
[Site "Chess.com"]
[Date "2018.07.03"]
[Round "2"]
[White "Makalexa"]
[Black "ChessMavenYeti"]
[Result "1-0"]
[WhiteElo "2063"]
[BlackElo "2197"]
[TimeControl "180+2"]
[EndTime "13:23:24 PDT"]
[Termination "Makalexa won by resignation"]

1. e4 e6 2. d4 d5 3. Nc3 Bb4 4.
e5 Ne7 5. a3 Bxc3+ 6. bxc3 c5 7. Qg4 cxd4 8. cxd4 Qc7 9. Ne2 Qxc2 10. Bg5 Nbc6 11. Bxe7 Nxe7 12. Qxg7 Rg8 13. Qh6 Bd7 14. Qd2 Rc8 15. Rc1 Qa4 16. Rxc8+ Nxc8 17. Qb4 Nb6 18.
Nc3 Qc2 19. Bb5 Rxg2 20. Bxd7+ Nxd7 21. Ne2 b6 22. h4 a5 23. Qb5 Qf5 24. Rf1 Rg4 25.
Kd2 Rxh4 26. Rc1 Qg5+ 27. f4 Qd8 28. Qa6 Nb8 29. Qb7 f5 30. Rc8 Nd7 31. Qa8 Qxc8 32.
Qxc8+ Ke7 33. Qg8 Rh3 34. Qg5+ Ke8 35. Ng3 Rh2+ 36. Ke3 b5 37. Nh5 Rh3+ 38. Kf2 Rxa3 39.
Nf6+ Kd8 40. Qg8+ Kc7 41. Qf7 b4 42. Qxd7+ Kb6 43. Qxe6+ Kb5 44. Qxd5+ Ka4 45. Nd7 Rc3 46. Nb6+ Ka3 47. Qxa5+ Kb2 48. Qa4 1-0

[Event "*** Titled Tuesday Blitz"]
[Site "Chess.com"]
[Date "2018.07.03"]
[Round "2"]
[White "PowerThinking2650"]
[Black "Ravan_02"]
[Result "0-1"]
[WhiteElo "2308"]
[BlackElo "2472"]
[TimeControl "180+2"]
[EndTime "13:23:27 PDT"]
[Termination "Ravan_02 won by resignation"]

1. e4 g6 2. d4 Bg7 3. Nc3 d6 4.
f4 Nf6 5. Nf3 O-O 6. e5 dxe5 7.
fxe5 Nd5 8. Bc4 Nb6 9. Bb3 c5 10. dxc5 Qxd1+ 11. Nxd1 N6d7 12. e6 Nxc5 13. exf7+ Kh8 14.
Bc4 Be6 15. Bxe6 Nxe6 16. O-O Rxf7 17. Re1 Nd4 18. Nxd4 Bxd4+ 19. Be3 Nc6 20. c3 Bg7 21. Nf2 Rf5 22. Rad1 Rb5 23. Re2 a5 24. Rdd2 a4 25. Nd3 a3 26. bxa3 Bxc3 27. Rc2 Rb1+ 28. Kf2 Bg7 29. Bc5 Nd4 30. Bxd4 Bxd4+ 31. Kg3 Rxa3 32. Red2 Be3 33. Kf3 Bxd2 34. Rxd2 Ra1 35. Ke4 R1xa2 36. Ne5 Rxd2 0-1

[Event "*** Titled Tuesday Blitz"]
[Site "Chess.com"]
[Date "2018.07.03"]
[Round "2"]
[White "26andrej26"]
[Black "olksuna"]
[Result "0-1"]
[WhiteElo "2397"]
[BlackElo "2439"]
[TimeControl "180+2"]
[EndTime "13:23:28 PDT"]
[Termination "olksuna won by resignation"]

1. e4 c6 2. Nc3 d5 3. d4 dxe4 4.
Nxe4 Bf5 5. Ng3 Bg6 6. h4 h6 7.
Nf3 Nd7 8. h5 Bh7 9. Bd3 Bxd3 10.
Qxd3 e6 11. Bd2 Ngf6 12. O-O-O a5 13. Qe2 Bb4 14. Ne5 O-O 15. f4 Nd5 16. f5 Bxd2+ 17. Qxd2 Nxe5 18. dxe5 exf5 19. Nxf5 Re8 20. Rhf1 Rxe5 21.
c4 Qc8 22. Nd6 Qe6 23. Nxf7 Ne3 24. Nxe5 Nxf1 25. Qf4 Re8 26. Re1 Rf8 27. Qg4 Qxg4 28. Nxg4 Rf4 29. Ne5 Ng3 30. b3 Nxh5 31. Nd3 Rg4 32.
Re5 Nf6 33. Rxa5 Rxg2 34. Nc5 h5 35. Nxb7 h4 36. Nd6 h3 37. Ra8+ Kh7 38. Nf7 h2 39.
Rh8+ Kg6 40. Ne5+ Kf5 41. Nf3 Rg1+ 42. Kd2 h1=Q 43. Rxh1 Rxh1 44. Nd4+ Ke5 45. Nxc6+ Kd6 46. Nd4 Rh2+ 47. Kc3 Rxa2 48. Nf5+ Ke5 49. Nxg7 Ra7 0-1

[Event "*** Titled Tuesday Blitz"]
[Site "Chess.com"]
[Date "2018.07.03"]
[Round "2"]
[White "Margency"]
[Black "QDcoach"]
[Result "1-0"]
[WhiteElo "2659"]
[BlackElo "2660"]
[TimeControl "180+2"]
[EndTime "13:23:29 PDT"]
[Termination "Margency won by resignation"]

1. e4 c5 2. Nf3 Nc6 3. Bb5 g6 4. Bxc6 dxc6 5. d3 Bg7 6. h3 Nf6 7.
O-O O-O 8. Nc3 Nd7 9. Be3 e5 10. Qd2 Qe7 11. Bh6 Rd8 12. b3 Nf8 13. Nh2 Ne6 14.
Bxg7 Kxg7 15. Ne2 f6 16. f4 exf4 17. Nxf4 Nd4 18. Rf2 b6 19. Raf1 Rd6 20. Nf3 Nxf3+ 21. Rxf3 Qxe4 22. Nh5+ gxh5 23. Rg3+ Bg4 24. Rf4 Qe5 25.
hxg4 Re8 26. gxh5+ Kh8 27. Rfg4 Rd4 28. Qh6 Rxg4 29.
Rxg4 Qe3+ 30. Qxe3 Rxe3 31. Re4 Rxe4 32. dxe4 Kg7 33. Kf2 Kh6 34. g4 Kg5 35. Kg3 a5 36. c4 b5 37. a4 bxa4 38. bxa4 h6 39. Kf3 Kh4 40. Kf4 Kh3 41. Kf5 1-0

[Event "*** Titled Tuesday Blitz"]
[Site "Chess.com"]
[Date "2018.07.03"]
[Round "2"]
[White "artichaud"]
[Black "LuisFSiles"]
[Result "0-1"]
[WhiteElo "2136"]
[BlackElo "2217"]
[TimeControl "180+2"]
[EndTime "13:23:32 PDT"]
[Termination "LuisFSiles won on time"]

1. d4 f5 2. g3 Nf6 3. Bg2 e6 4. Nh3 d6 5. Nd2 e5 6. dxe5 dxe5 7. O-O Nc6 8. Nc4 Bd6 9. f4 Bc5+ 10. Be3 Qe7 11.
Qc1 Ng4 12. Kh1 Nxe3 13. Nxe3 e4 14. c3 Be6 15. b4 Bb6 16. a4 a5 17. b5 Nd8 18. Rd1 Nf7 19. Nd5 Qc5 20. Nxb6 cxb6 21. Ng5 Nxg5 22. fxg5 O-O 23. Qf4 Rfd8 24. h4 Bb3 25.
Rf1 Bc4 26. Qxf5 Qxf5 27. Rxf5 Bxe2 28. Bxe4 Rac8 29. Bxb7 Rxc3 30. Re1 Rc2 31. Bd5+ Kh8 32. Be4 Rcd2 33. Rf2 Bg4 34. Rxd2 Rxd2 0-1

[Event "*** Titled Tuesday Blitz"]
[Site "Chess.com"]
[Date "2018.07.03"]
[Round "2"]
[White "djano"]
[Black "GhostOfGreenval"]
[Result "1-0"]
[WhiteElo "2413"]
[BlackElo "2463"]
[TimeControl "180+2"]
[EndTime "13:23:37 PDT"]
[Termination "djano won by resignation"]

1. d4 Nf6 2. Nf3 g6 3. c4 Bg7 4. Nc3 d5 5. cxd5 Nxd5 6. e4 Nxc3 7. bxc3 c5 8. Be3 Bg4 9. Bb5+ Nc6 10. O-O O-O 11.
Bxc6 bxc6 12. e5 Qd5 13. h3 Bf5 14. dxc5 Rfd8 15. Qxd5 Rxd5 16. Bd4 Rb8 17. Rfe1 h6 18. g4 Be6 19. Rab1 Rdd8 20. a4 Ba2 21. Ra1 Bd5 22.
Nd2 Rb2 23. Nf1 Rdb8 24. c4 R2b4 25. cxd5 Rxd4 26. dxc6 Rc8 27. Rab1 Rxa4 28. Rb7 Rxc6 29. Rxe7 Rxc5 30. e6 fxe6 31. R1xe6 Kh7 32. Rd7 Rc1 33. Ree7 Raa1 34. Rxg7+ Kh8 35. Rxg6 Rxf1+ 36. Kg2 Rg1+ 37. Kh2 Rh1+ 38. Kg3 Rag1+ 39. Kh4 Rh2 40. Rc6 1-0

[Event "*** Titled Tuesday Blitz"]
[Site "Chess.com"]
[Date "2018.07.03"]
[Round "2"]
[White "sergiochess83"]
[Black "ahmadzada13"]
[Result "1-0"]
[WhiteElo "2739"]
[BlackElo "2506"]
[TimeControl "180+2"]
[EndTime "13:23:37 PDT"]
[Termination "sergiochess83 won on time"]

1. e4 e6 2. d4 d5 3. Nd2 c5 4.
Ngf3 cxd4 5. Nxd4 Nc6 6. Bb5 Bd7 7. Nxc6 Bxc6 8. Bxc6+ bxc6 9. O-O Nf6 10. Qe2 Be7 11. c4 O-O 12. b3 Bc5 13. Bb2 Rc8 14.
Rad1 Qe7 15. Qf3 Ba3 16. Bxf6 Qxf6 17. Qxf6 gxf6 18. cxd5 cxd5 19. exd5 exd5 20. Nb1 Bb4 21. a3 Ba5 22. Rxd5 Bb6 23. Nd2 Rc3 24. Ne4 Rxb3 25. Nxf6+ Kg7 26. Nd7 Rc8 27. a4 Rc2 28. Rg5+ Kh6 29.
Rf5 Kg6 30. g4 Bd4 31. Rd1 Rb4 32. h4 h6 33. Rf4 Bc3 34. Ne5+ 1-0

[Event "*** Titled Tuesday Blitz"]
[Site "Chess.com"]
[Date "2018.07.03"]
[Round "2"]
[White "Polish_fighter3000"]
[Black "pultineviciuspaulius"]
[Result "0-1"]
[WhiteElo "2757"]
[BlackElo "2615"]
[TimeControl "180+2"]
[EndTime "13:23:40 PDT"]
[Termination "pultineviciuspaulius won by resignation"]

1. e4 e5 2. Nf3 Nc6 3. Bc4 Bc5 4. c3 Nf6 5. d3 a6 6. Bb3 d6 7. Nbd2 h6 8. Nf1 O-O 9. h3 Re8 10. Qe2 Ba7 11. g4 Be6 12. Ng3 Nd7 13. g5 Bxb3 14. axb3 hxg5 15. Nxg5 f6 16. h4 fxg5 17. hxg5 g6 18.
Rh6 Nf8 19. Qg4 Re7 20. Nh5 gxh5 21. Qxh5 Rh7 22. f4 Rxh6 23. gxh6 Qf6 24. f5 Qf7 25. Qh3 Kh7 26. Bg5 Nd7 27. f6 Rg8 28. Qf5+ Rg6 29.
O-O-O Nd8 30. d4 Ne6 31. Bh4 exd4 32. Rg1 Ne5 33. Rg3 dxc3 34. bxc3 Nc5 35. c4 a5 36. Kb2 Ne6 37. Ka3 Bc5+ 38. Ka2 b6 39. Rg2 a4 40. bxa4 Nd4 41. Rxg6 Nxf5 0-1

[Event "*** Titled Tuesday Blitz"]
[Site "Chess.com"]
[Date "2018.07.03"]
[Round "2"]
[White "Zq1"]
[Black "Keranke"]
[Result "0-1"]
[WhiteElo "2515"]
[BlackElo "2762"]
[TimeControl "180+2"]
[EndTime "13:23:41 PDT"]
[Termination "Keranke won by resignation"]

1. d4 g6 2. c4 Bg7 3. Nc3 d6 4. e4 Nf6 5. Nf3 O-O 6. Be2 Bg4 7. Be3 Nfd7 8. Rc1 a6 9. O-O c5 10. dxc5 Nxc5 11. Nd4 Bxe2 12. Qxe2 Nc6 13. Rfd1 Nd7 14.
Nxc6 bxc6 15. c5 dxc5 16. Bxc5 Re8 17. Be3 Qc7 18. Na4 Rab8 19. b3 a5 20. Qc4 Ne5 21.
Qc5 Ng4 22. g3 Nxe3 23. Qxe3 Rec8 24. Rc5 Rb5 25. Rdc1 Qd7 26. R5c4 Qh3 27. Qf3 Rh5 28. Qg2 Qe6 29. h4 Qd6 30. Qf3 c5 31. Rd1 Qe6 32.
Kg2 Bd4 33. Nc3 f5 34. Re1 Rf8 35. Re2 f4 36. e5 fxg3 37. Qxg3 Bxe5 38. f4 Qc6+ 39.
Kg1 Bd4+ 40. Kh2 e5 41. Ne4 Rxf4 0-1

[Event "*** Titled Tuesday Blitz"]
[Site "Chess.com"]
[Date "2018.07.03"]
[Round "2"]
[White "Dr-Bassem"]
[Black "jacky72"]
[Result "0-1"]
[WhiteElo "2694"]
[BlackElo "2635"]
[TimeControl "180+2"]
[EndTime "13:23:41 PDT"]
[Termination "jacky72 won by checkmate"]

1. e4 e5 2. Nf3 Nc6 3. Bc4 Bc5 4. O-O Nf6 5. d3 d6 6. c3 a6 7. Bb3 Ba7 8. Re1 h6 9. h3 g5 10. Be3 g4 11. hxg4 Bxe3 12. fxe3 Bxg4 13. Nbd2 Qd7 14.
Rf1 O-O-O 15. d4 Rhg8 16. Ba4 b5 17. Bc2 Bh3 18. Ne1 Rg6 19. a4 Rdg8 20. Rf2 Ng4 21. Rf3 Nf6 22. Rf2 b4 23. Qe2 a5 24. Bb3 Kd8 25. cxb4 exd4 26. bxa5 Nxa5 27. exd4 Nxb3 28. Nxb3 Qe6 29. d5 Qe5 30. Nd2 Nh5 31. Ra3 Nf4 32. Qf3 Nxg2 33. Nxg2 Rg3 34. Qf6+ Qxf6 35. Rxf6 Rxg2+ 36. Kh1 Bd7 37. Nf1 Rg1+ 38. Kh2 R8g2# 0-1

[Event "*** Titled Tuesday Blitz"]
[Site "Chess.com"]
[Date "2018.07.03"]
[Round "2"]
[White "catalin009"]
[Black "chessking2151"]
[Result "1-0"]
[WhiteElo "2431"]
[BlackElo "2454"]
[TimeControl "180+2"]
[EndTime "13:23:49 PDT"]
[Termination "catalin009 won by resignation"]

1. e4 e5 2. Nf3 Nc6 3. Bb5 a6 4. Ba4 Nf6 5. O-O b5 6. Bb3 Bb7 7. d3 Be7 8. Nc3 O-O 9. a3 d6 10. Ne2 Qd7 11. Ng3 Rae8 12. Re1 Nd8 13. c3 c5 14. d4 cxd4 15. cxd4 exd4 16. Nxd4 d5 17. e5 Ne4 18. Ngf5 Ne6 19. Qg4 g6 20. Nh6+ Kh8 21. Be3 f5 22. exf6 Bxf6 23. Rad1 Nxd4 24. Qxd7 Re7 25.
Qxe7 Bxe7 26. Bxd4+ Bf6 27. Bxf6+ Nxf6 28. f3 Kg7 29. Re7+ Kxh6 30. Rxb7 d4 31. Rb6 Nd7 32. Rd6 Nc5 33. Bc2 d3 34. Bxd3 Na4 35. Rd2 Rc8 36.
h3 Rc1+ 37. Kh2 Rc5 38. Be4 Re5 39. Rxa6 Nc5 40. Rc6 Na4 41. Rd5 Re7 42. Rxb5 Rd7 43. b3 Nb2 44. Rc2 Nd3 45. Rd2 Ra7 46. Rxd3 Rxa3 47.
Rb7 Ra5 48. h4 Kh5 49. Kh3 Kh6 50. Rdd7 1-0

[Event "*** Titled Tuesday Blitz"]
[Site "Chess.com"]
[Date "2018.07.03"]
[Round "2"]
[White "Saitama_Hero"]
[Black "1b31-0"]
[Result "0-1"]
[WhiteElo "2315"]
[BlackElo "2199"]
[TimeControl "180+2"]
[EndTime "13:23:49 PDT"]
[Termination "1b31-0 won by resignation"]

1. d4 g6 2. e4 Bg7 3. Nc3 d6 4. Be3 a6 5. Qd2 b5 6. h4 Nf6 7. f3 Nbd7 8. O-O-O Bb7 9. Bh6 Bxh6 10.
Qxh6 Rc8 11. e5 Nd5 12. Qg7 Rf8 13. Nge2 N7b6 14. Qxh7 Ne3 15. Rd3 Nxf1 16. Rxf1 Bd5 17. Nxd5 Nxd5 18. e6 fxe6 19. Qxg6+ Kd7 20. Nc3 Nf4 21.
Qe4 Nxd3+ 22. Qxd3 c6 23. Re1 Rf6 24. Ne4 Rh6 25.
g3 Qa5 26. Qd2 Qxd2+ 27. Kxd2 Rf8 28. Ng5 Rhf6 29. f4 e5 30. dxe5 dxe5 31. Rxe5 Rd6+ 32. Kc3 Rb8 33. b3 a5 34. Rf5 b4+ 35. Kb2 Ra8 36. Rf7 a4 37. h5 a3+ 38. Kc1 Rd8 39. Ne4 Rd4 40. Nc5+ Ke8 41. Nd3 Kxf7 0-1

[Event "*** Titled Tuesday Blitz"]
[Site "Chess.com"]
[Date "2018.07.03"]
[Round "2"]
[White "krzysztofszczurek"]
[Black "OparinGrigoriy"]
[Result "0-1"]
[WhiteElo "2333"]
[BlackElo "2889"]
[TimeControl "180+2"]
[EndTime "13:23:53 PDT"]
[Termination "OparinGrigoriy won by checkmate"]

1. e4 e5 2. Nf3 Nc6 3. Bc4 Nf6 4. d3 Be7 5. Nbd2 O-O 6. c3 d5 7. Bb3 Re8 8. Qe2 a5 9. Nf1 a4 10. Bc2 b5 11. Ng3 Bf8 12. O-O b4 13. Bg5 h6 14.
Bxf6 Qxf6 15. exd5 Ne7 16. Ne4 Qb6 17. c4 Ng6 18.
Qe3 Qa6 19. Ng3 f5 20. Qd2 Qf6 21. Rfe1 Bd7 22. Rad1 c6 23. b3 axb3 24. Bxb3 Bc5 25.
d4 exd4 26. Rxe8+ Rxe8 27. Nxd4 f4 28. Nf1 Nh4 29. Ne2 f3 30. dxc6 Bxc6 31. Nd4 fxg2 32. Nxc6 Nf3+ 33. Kxg2 Nxd2 34. Rxd2 Qxc6+ 35. Kg1 Re1 36.
Rd8+ Kf7 37. Rd3 Qe4 38. Rd2 Qg4+ 39. Kh1 Rxf1# 0-1

[Event "*** Titled Tuesday Blitz"]
[Site "Chess.com"]
[Date "2018.07.03"]
[Round "2"]
[White "maheswaran26"]
[Black "dinesh501"]
[Result "0-1"]
[WhiteElo "1965"]
[BlackElo "1777"]
[TimeControl "180+2"]
[EndTime "13:23:54 PDT"]
[Termination "dinesh501 won on time"]

1. Nf3 Nf6 2. d4 d5 3. c4 c6 4. Nc3 dxc4 5. a4 Bf5 6. e3 e6 7. Bxc4 Bb4 8. O-O O-O 9. Qe2 Bg6 10. Ne5 Bh5 11. Qc2 Nbd7 12. Qb3 a5 13. Nd3 Bd6 14. Qxb7 Rb8 15. Qxc6 Rb6 16. Qxb6 Nxb6 17. Ba2 Bb4 18.
Nxb4 axb4 19. a5 bxc3 20. axb6 Qxb6 21. bxc3 Ra8 22. c4 Be2 23. c5 Qd8 24. Re1 Bc4 25. Ba3 Rxa3 26. Bxc4 Rxa1 27. Rxa1 g5 28. h3 Qc7 29. Bb5 Nd5 30. Rc1 Qb7 31. Bf1 Qb2 32.
Rc4 h5 33. c6 Nc7 34. Rc5 f6 35. h4 gxh4 36. Rxh5 Qc1 37. Rc5 Qb1 38. Ra5 Kf7 39.
Rc5 f5 40. f3 Qe1 41. Re5 Ke7 42. e4 Qe3+ 43. Kh1 Qxd4 44. Ra5 fxe4 45. fxe4 Qd1 46. Kg1 Qe1 47. Ra2 Kd6 48. Re2 Qd1 49. e5+ Kxc6 50.
Re4 Nd5 0-1

[Event "*** Titled Tuesday Blitz"]
[Site "Chess.com"]
[Date "2018.07.03"]
[Round "2"]
[White "dachessmandan"]
[Black "dolynachess"]
[Result "1-0"]
[WhiteElo "2434"]
[BlackElo "2397"]
[TimeControl "180+2"]
[EndTime "13:23:55 PDT"]
[Termination "dachessmandan won on time"]

1. e4 d5 2. exd5 Qxd5 3. Nc3 Qd8 4. d4 Nf6 5. Nf3 Bg4 6. Be2 e6 7. O-O Be7 8. Bf4 O-O 9. h3 Bxf3 10. Bxf3 c6 11.
Qd2 Bd6 12. Rad1 Bxf4 13. Qxf4 Nbd7 14. Rfe1 Qb6 15. b3 Rad8 16. Na4 Qa5 17. Re2 Nb6 18. Nc5 Nbd5 19. Qd2 Qxd2 20. Rexd2 b6 21. Na4 Rd6 22. c4 Nb4 23. a3 Na6 24. c5 bxc5 25. dxc5 Rxd2 26.
Rxd2 Nd5 27. Bxd5 exd5 28. b4 Nc7 29. Nc3 a5 30. bxa5 Ra8 31. Rb2 g6 32. Rb6 Rxa5 33.
Rxc6 Rxa3 34. Ne2 Ne6 35. Rc8+ Kg7 36. c6 Ra1+ 37. Kh2 Ra2 38. Nc3 Rxf2 39. c7 Nxc7 40.
Rxc7 d4 41. Ne4 1-0

[Event "*** Titled Tuesday Blitz"]
[Site "Chess.com"]
[Date "2018.07.03"]
[Round "2"]
[White "GM_dmitrij"]
[Black "jk13"]
[Result "1-0"]
[WhiteElo "2811"]
[BlackElo "2558"]
[TimeControl "180+2"]
[EndTime "13:23:57 PDT"]
[Termination "GM_dmitrij won by resignation"]

1. e4 e5 2. Nf3 Nc6 3. Bb5 a6 4. Ba4 Nf6 5. O-O b5 6. Bb3 Bc5 7. c3 d6 8. d4 Bb6 9. a4 Rb8 10.
axb5 axb5 11. Na3 O-O 12. Nxb5 Bg4 13. d5 Ne7 14. h3 Bxh3 15. gxh3 Qd7 16. Kh2 Qxb5 17.
Bc2 Ng6 18. Bd3 Qd7 19. Bg5 Nh5 20. Nh4 Nxh4 21. Bxh4 Nf4 22. Qf3 f5 23. Bc2 Ng6 24. Bg5 fxe4 25. Qxe4 Bxf2 26. b4 Bb6 27. h4 Rxf1 28.
Rxf1 Rf8 29. Rxf8+ Nxf8 30. c4 Bd4 31. Qf5 h6 32.
Qxd7 Nxd7 33. Bd8 Bc3 34. Bf5 Nf8 35. b5 Ba5 36. h5 Kf7 37. c5 Ke8 38. Bxc7 Bxc7 39.
b6 Kd8 40. bxc7+ Kxc7 41. c6 Kd8 42. Kg3 Kc7 43. Kf3 Kd8 44. Ke3 Kc7 45. Kd3 Kb6 46.
Kc4 Kc7 47. Kb5 g6 48. hxg6 Nxg6 49. Bxg6 1-0

[Event "*** Titled Tuesday Blitz"]
[Site "Chess.com"]
[Date "2018.07.03"]
[Round "2"]
[White "BabyBoss31"]
[Black "ChrisTool2"]
[Result "0-1"]
[WhiteElo "2098"]
[BlackElo "2257"]
[TimeControl "180+2"]
[EndTime "13:23:57 PDT"]
[Termination "ChrisTool2 won by resignation"]

1. d4 Nf6 2. c4 e6 3. g3 d5 4.
Bg2 Be7 5. Nf3 O-O 6. Qc2 dxc4 7. Qxc4 Nbd7 8. O-O c5 9. Nc3 a6 10. a4 b5 11. Qd3 c4 12. Qc2 b4 13. Ne4 Nxe4 14. Qxe4 Rb8 15. Bf4 Bb7 16. Qc2 Rc8 17. e4 Nf6 18.
Rfe1 b3 19. Qb1 Bb4 20. Re2 a5 21. Bg5 h6 22. Bh4 Be7 23. e5 Nd5 24. Bxe7 Nxe7 25. Qd1 Qb6 26. Rc1 Rfd8 27. Rd2 Qb4 28. Ra1 Rd7 29. Ne1 Rcd8 30. Bxb7 Qxb7 31. Nf3 Nf5 32. g4 Ne7 33. h3 Nd5 34. Kh2 Qb4 35. Kg3 Rc7 36. Qe1 c3 37. bxc3 Rxc3 38. Rb1 Qxa4 39. Rdb2 Qc4 40. Kg2 a4 41. Qe4 a3 42. Nd2 Qd3 43.
Rxb3 Qxd2 44. Rb8 Nf4+ 45. Kg1 Nxh3+ 46. Kh1 Nxf2+ 47. Kg1 Nxe4 0-1

[Event "*** Titled Tuesday Blitz"]
[Site "Chess.com"]
[Date "2018.07.03"]
[Round "2"]
[White "Alopekos"]
[Black "Fandorine"]
[Result "0-1"]
[WhiteElo "2407"]
[BlackElo "2736"]
[TimeControl "180+2"]
[EndTime "13:24:04 PDT"]
[Termination "Fandorine won by resignation"]

1. e4 c5 2. Nf3 e6 3. d4 cxd4 4. Nxd4 Nc6 5. Nc3 Qc7 6. Be3 a6 7. Be2 Nf6 8. O-O Be7 9. f4 d6 10. Kh1 O-O 11. Qe1 Nxd4 12. Bxd4 b5 13. a3 Bb7 14. Qg3 Bc6 15. e5 dxe5 16. Bxe5 Qb7 17. f5 exf5 18. Rxf5 Ne8 19. Raf1 f6 20. Bd4 Rf7 21.
Bh5 g6 22. R5f2 Ng7 23. Bg4 f5 24. Bf3 Bxf3 25. Rxf3 Rd8 26. Rd3 Nh5 27. Qf2 Bf8 28. Rfd1 Rfd7 29. Be5 Rxd3 30. Rxd3 Re8 31. Bd4 Qc6 32. Re3 Rd8 33. Rd3 Qc4 34. Qd2 Re8 35. Bf2 Nf6 36. h3 Qc7 37. Nd5 Nxd5 38. Rxd5 Qc4 39.
b3 Qf1+ 40. Kh2 Re2 41. Qa5 Qxf2 0-1

[Event "*** Titled Tuesday Blitz"]
[Site "Chess.com"]
[Date "2018.07.03"]
[Round "2"]
[White "Gvalch"]
[Black "kuli4ik"]
[Result "0-1"]
[WhiteElo "2613"]
[BlackElo "2749"]
[TimeControl "180+2"]
[EndTime "13:24:07 PDT"]
[Termination "kuli4ik won by resignation"]

1. d4 d5 2. c4 c6 3. Nf3 Nf6 4. g3 Bf5 5. Nc3 e6 6. Nh4 Be4 7. f3 Bg6 8. Qb3 Qb6 9. Nxg6 hxg6 10. e3 Nbd7 11. Bd2 Be7 12. O-O-O Qxb3 13. axb3 a6 14.
f4 Bb4 15. Be2 Bxc3 16. Bxc3 Ne4 17. Rdf1 f5 18. Be1 Ndf6 19. h4 Rc8 20. c5 Ke7 21. Rhg1 Rh7 22. Rg2 Ng4 23. Rf3 Rb8 24. Ba5 Kd7 25.
Bd1 Re8 26. Kc2 Reh8 27. Kd3 Rb8 28. Rf1 Rhh8 29. Bxg4 fxg4 30. Bb6 Rbf8 31. Ra1 Rh5 32. b4 Rh7 33. Ke2 g5 34. hxg5 Rh3 35. Rag1 Rfh8 36. Ba5 Rh1 37. Kf1 R8h3 38. b5 Rxg1+ 39. Kxg1 Rxg3 40.
bxc6+ Kxc6 41. Rxg3 Nxg3 42. g6 Kd7 43. Kf2 Ne4+ 44.
Kg2 Ke7 45. Bc7 Kf6 46. Be5+ Kxg6 47. Bc7 Kf5 48. Be5 g5 49. fxg5 Kxg5 50. Bf4+ Kf6 51. Be5+ Ke7 52. Bc7 Kd7 53. Ba5 Kc6 54. b3 Kb5 55. Be1 a5 56. Kh2 a4 57. bxa4+ Kxa4 58. Kg2 Kb3 59. Kf1 Kc2 60. Ke2 Nc3+ 61. Kf2 Kd3 62. Kg3 Ne2+ 63. Kxg4 Kxe3 64. Kg5 Kxd4 65. Kf6 Nf4 66. Bd2 e5 67. Kf5 Nd3 68.
Ba5 Nxc5 0-1

[Event "*** Titled Tuesday Blitz"]
[Site "Chess.com"]
[Date "2018.07.03"]
[Round "2"]
[White "Nathan_Filgueiras"]
[Black "BlackBoarder"]
[Result "0-1"]
[WhiteElo "2159"]
[BlackElo "2249"]
[TimeControl "180+2"]
[EndTime "13:24:08 PDT"]
[Termination "BlackBoarder won by resignation"]

1. e4 e6 2. d4 d5 3. Nd2 c5 4.
exd5 Qxd5 5. Ngf3 cxd4 6. Bc4 Qd6 7. Nb3 Qb4+ 8. Nbd2 Nc6 9. O-O Nf6 10. a3 Qd6 11. Nb3 a6 12. Nbxd4 Nxd4 13. Qxd4 Bd7 14. Qxd6 Bxd6 15. Bg5 Ke7 16. Rad1 Rac8 17. Bb3 h6 18. Bh4 Bb5 19. Rfe1 g5 20. Bg3 Bxg3 21. hxg3 Bc4 22. Bxc4 Rxc4 23. c3 b5 24. Nd4 Rc5 25. Nb3 Rd5 26.
Rxd5 Nxd5 27. Kf1 Nb6 28. Nd4 Kf6 29. Re2 Rd8 30. Ke1 Nc4 31. Nb3 a5 32. Nc5 Ke7 33.
Ne4 Rd5 34. f3 f5 35. Nf2 e5 36. Nd1 Rd3 37. Kf2 Rxd1 38. f4 e4 39. g4 gxf4 40. gxf5 e3+ 41. Kf3 Rf1+ 42. Ke4 Kf6 43. Kd5 Kxf5 44.
Kc5 Rf2 45. Re1 Rxb2 46. a4 Na3 47. Ra1 Nc2 0-1

[Event "*** Titled Tuesday Blitz"]
[Site "Chess.com"]
[Date "2018.07.03"]
[Round "2"]
[White "VitaliyBernadskiy"]
[Black "The_Unbeatable_One"]
[Result "0-1"]
[WhiteElo "2701"]
[BlackElo "2671"]
[TimeControl "180+2"]
[EndTime "13:24:12 PDT"]
[Termination "The_Unbeatable_One won by resignation"]

1. e4 e5 2. Nf3 Nc6 3. Bb5 a6 4. Ba4 Nf6 5. Nc3 b5 6. Bb3 Be7 7. a4 Rb8 8. O-O O-O 9. d3 d6 10. axb5 axb5 11. h3 h6 12. Be3 Be6 13. Nd5 Re8 14. c3 Bf8 15. d4 Nxe4 16. Ra6 Bd7 17. Qd3 Nf6 18. dxe5 Nxe5 19. Nxe5 Rxe5 20. Nxf6+ Qxf6 21. Bd4 Qf5 22. Qg3 Ree8 23. Ra7 Rbc8 24. Rfa1 c5 25. Be3 c4 26. Bd1 Be6 27. Bxh6 Qg6 28. Qxg6 fxg6 29. Be3 d5 30. Bd4 Re7 31. Bf3 Rf7 32.
Rxf7 Bxf7 33. Ra7 b4 34. Rd7 b3 35. Bxd5 Bxd5 36. Rxd5 Ba3 37. Rd7 Bxb2 38. Rxg7+ Kf8 39. Rh7 Re8 40. Kf1 Bc1 41. Rb7 b2 42. Bc5+ Kg8 43.
Ba3 Bd2 44. g3 Re1+ 0-1

[Event "*** Titled Tuesday Blitz"]
[Site "Chess.com"]
[Date "2018.07.03"]
[Round "2"]
[White "Dr_Mortimer"]
[Black "Swarnapuri"]
[Result "1-0"]
[WhiteElo "2823"]
[BlackElo "2558"]
[TimeControl "180+2"]
[EndTime "13:24:13 PDT"]
[Termination "Dr_Mortimer won by resignation"]

1. e4 Nc6 2. Nf3 d6 3. d4 Nf6 4. Nc3 Bg4 5. d5 Nb8 6. h3 Bxf3 7. Qxf3 g6 8. Qd1 Bg7 9. Be2 O-O 10. O-O c6 11.
Bf3 Nfd7 12. g3 a5 13. Re1 Na6 14. Bg2 Nac5 15. Be3 Qb6 16. Rb1 a4 17. a3 Qa5 18.
Bd2 Qc7 19. Qe2 e5 20. Rbd1 Rfd8 21. Be3 Nb8 22. h4 Nba6 23. h5 Qb6 24. Bc1 Qc7 25. Bf3 Qe7 26. Kg2 Nc7 27. Rh1 cxd5 28. Nxd5 Nxd5 29.
Rxd5 Ne6 30. c3 Ng5 31. Bg4 Ne6 32. Be3 Nc7 33. Rdd1 d5 34. hxg6 hxg6 35. Bb6 d4 36.
Qc4 Ne8 37. Bxd8 Rxd8 38. Bf3 Nd6 39. Qxa4 b5 40. Qb4 Qf6 41. cxd4 exd4 42. Rhe1 Re8 43.
e5 Rxe5 44. Rxe5 Qxe5 45. Qe1 Qf6 46. b3 Qd8 47. Qb4 Qb6 48. Rc1 Qa6 49. Rc6 1-0